Map: Cerulean Fall LE

Players

Lambo - Winner!

  • Race: Zerg Zerg
  • League: Grandmaster
  • Spawn Location: 1:00

IIIIIIIIIIII

  • Race: Protoss Protoss
  • League: Master
  • Spawn Location: 7:00

VOD

Have the link to the VOD?

Description

Time

  • Played on: Jan. 10, 2019, 10:16 a.m.
  • Length: 8:36
Show
View Real Time Build Order
Export as new Build Order

Lambo Zerg - Winner!

Build Orders: Hatch First 

Get SALT Encoding   

  12  0:00  Drone  
  13  0:13  Overlord  
  13  0:18  Drone  
  14  0:31  Drone x2  
  16  0:48  Hatchery  
  15  0:52  Drone  
  15  0:55  Drone  
  17  0:59  Drone  
  18  1:09  Extractor  
  17  1:14  Spawning Pool  
  17  1:17  Drone  
  17  1:21  Drone  
  18  1:28  Drone  
  19  1:39  Drone  
  20  1:52  Overlord  
  20  2:00  Queen x2  
  20  2:01  Zergling x4  
  26  2:10  Metabolic Boost  
  26  2:11  Drone  
  26  2:13  Drone  
  28  2:26  Drone  
  29  2:31  Drone  
  29  2:36  Hatchery  
  29  2:39  Drone  
  29  2:43  Drone  
  32  2:44  Drone  
  32  2:48  Overlord  
  32  2:55  Queen  
  34  3:00  Drone  
  34  3:04  Drone  
  36  3:10  Drone x2  
  36  3:11  Drone x2  
  40  3:13  Overlord  
  40  3:16  Drone  
  40  3:19  Overlord  
  41  3:21  Drone  
  41  3:26  Drone x2  
  44  3:32  Queen  
  46  3:37  Drone  
  46  3:40  Spore Crawler  
  46  3:44  Drone x2  
  46  3:47  Drone x3  
  51  3:50  Drone  
  51  3:52  Queen  
  51  3:55  Spore Crawler  
  53  3:58  Overlord  
  53  4:02  Zergling x4  
  55  4:03  Drone  
  55  4:10  Drone x2  
  55  4:12  Extractor  
  55  4:14  Drone x2  
  58  4:17  Drone  
  58  4:20  Overlord  
  59  4:24  Spore Crawler, Drone  
  59  4:25  Overlord  
  59  4:26  Drone x2  
  59  4:30  Overlord  
  61  4:35  Drone x2  
  61  4:37  Extractor  
  61  4:38  Extractor, Zergling x2  
  63  4:40  Zergling x8  
  63  4:44  Zergling x2  
  67  4:46  Lair  
  67  4:48  Zergling x6  
  70  4:54  Zergling x8  
  70  4:58  Zergling x4  
  74  5:03  Drone  
  74  5:05  Queen  
  71  5:07  Drone x2  
  71  5:08  Overlord, Drone  
  71  5:12  Drone x2  
  75  5:15  Overlord, Evolution Chamber  
  75  5:18  Drone x2  
  76  5:22  Drone  
  76  5:24  Overlord  
  76  5:27  Drone x3  
  79  5:29  Queen, Drone x2  
  79  5:33  Drone  
  82  5:37  Drone x2  
  82  5:42  Zerg Missile Weapons Level 1  
  79  5:44  Hydralisk Den  
  79  5:45  Drone x4  
  79  5:46  Baneling Nest  
  79  5:47  Drone  
  82  5:51  Extractor  
  82  5:52  Extractor  
  82  5:55  Drone  
  81  6:00  Extractor  
  81  6:01  Hatchery  
  81  6:03  Zergling x10  
  81  6:13  Grooved Spines  
  81  6:14  Drone  
  81  6:15  Drone  
  81  6:18  Overlord, Zergling x6  
  86  6:19  Overlord  
  86  6:23  Hydralisk x2  
  89  6:26  Hydralisk x3  
  89  6:29  Centrifical Hooks  
  95  6:33  Hydralisk x2  
  95  6:37  Overlord  
  95  6:38  Hydralisk  
  99  6:40  Hydralisk  
  99  6:41  Zergling x4  
  99  6:45  Hydralisk x2  
  101  6:51  Hydralisk  
  103  6:54  Hydralisk x2  
  107  7:02  Hydralisk x3  
  107  7:05  Overlord  
  107  7:06  Zergling x8  
  117  7:10  Hydralisk  
  117  7:14  Hydralisk  
  121  7:18  Zergling x4  
  121  7:20  Queen, Hydralisk  
  127  7:25  Muscular Augments, Zergling x4  
  127  7:27  Baneling x6  
  129  7:33  Zergling x14  
  129  7:37  Baneling x2  
  136  7:40  Zergling x10  
  138  7:44  Zergling x2  
  138  7:46  Baneling x10  
  138  7:49  Zergling x4  
  141  7:52  Zergling x2  
  141  7:55  Zergling x4  
  141  7:57  Baneling x7  
  144  8:01  Overlord  
  144  8:09  Baneling x4  
  144  8:10  Overlord  
  144  8:12  Overlord  
  144  8:14  Overlord  
Show
View Real Time Build Order
Export as new Build Order

IIIIIIIIIIII Protoss 

Build Orders: 1 Gate Expand, Oracle Opening, Phoenix Opening, Zealot Archon 

Get SALT Encoding   

  12  0:02  Probe  
  13  0:15  Probe  
  13  0:20  Pylon  
  14  0:27  Probe  
  15  0:35  Probe  
  15  0:40  Gateway  
  16  0:43  Probe  
  16  0:49  Assimilator  
  17  0:52  Probe  
  17  0:57  Assimilator  
  18  1:00  Probe  
  18  1:08  Probe  
  20  1:27  Nexus  
  20  1:36  Cybernetics Core  
  20  1:38  Probe  
  21  1:44  Assimilator  
  21  1:50  Probe  
  21  1:53  Pylon  
  22  2:03  Probe, Adept  
  23  2:15  Probe  
  26  2:17  Stargate  
  26  2:24  Warp Gate  
  26  2:29  Adept, Probe  
  27  2:35  Probe  
  29  2:41  Probe  
  29  2:43  Probe  
  32  2:53  Probe x2  
  32  2:55  Phoenix  
  34  3:05  Probe x2  
  37  3:12  Oracle  
  38  3:17  Probe  
  38  3:18  Probe  
  40  3:20  Pylon  
  43  3:29  Probe  
  43  3:30  Probe  
  43  3:31  Gateway  
  43  3:32  Gateway  
  45  3:41  Adept  
  47  3:42  Probe x2  
  47  3:44  Oracle, Pylon  
  49  3:54  Probe x2  
  54  4:00  Pylon  
  54  4:08  Probe x2  
  56  4:19  Nexus  
  56  4:20  Probe x2  
  58  4:28  Adept  
  58  4:29  Adept x2  
  64  4:31  Pylon  
  64  4:34  Probe x2  
  66  4:43  Assimilator x2  
  66  4:46  Probe  
  66  4:47  Probe  
  68  4:58  Probe  
  68  4:59  Probe  
  59  5:10  Adept x2  
  59  5:11  Probe x2  
  59  5:12  Adept  
  65  5:20  Forge  
  65  5:21  Twilight Council  
  65  5:23  Probe x2  
  64  5:32  Zealot x2  
  64  5:33  Zealot  
  64  5:43  Robotics Facility  
  64  5:44  Protoss Ground Weapons Level 1  
  64  5:47  Charge  
  64  5:48  Adept x3  
  66  5:51  Gateway  
  66  5:54  Gateway  
  66  5:55  Gateway  
  66  5:57  Pylon  
  66  6:04  Sentry  
  68  6:17  Gateway  
  68  6:18  Nexus, Gateway  
  68  6:31  Warp Prism, Pylon  
  70  6:34  Templar Archives  
  70  6:40  Zealot x3  
  72  6:51  Zealot x3  
  75  6:57  Pylon  
  75  7:12  High Templar x4, Pylon  
  83  7:16  Archon x2  
  83  7:17  Zealot x4  
  83  7:21  Pylon  
  91  7:24  Pylon  
  91  7:34  Warp Prism  
  89  7:48  High Templar x2  
  95  7:52  Zealot x3  
  95  7:53  Zealot x3  
  95  7:56  Pylon  
  107  7:59  Archon  
  103  8:20  Zealot x2  
  103  8:21  Zealot x6  
Tags
 
Add a new tag
Caveats
  • Supply blocks, unpowered buildings, or Contaminate may cause inaccurate times.
  • Supply counts are checked every 10 seconds.